Map: Dusk Towers

Players

PlaneSite - Winner!

  • Race: Protoss Protoss
  • League: Master

Goosejuice

  • Race: Terran Terran
  • League: Master

VOD

Have the link to the VOD?

Description

Time

  • Played on: Jan. 14, 2016, 1:25 a.m.
  • Length: 9:32
Show
View Real Time Build Order
Export as new Build Order

PlaneSite Protoss - Winner!

Build Orders:  

Get SALT Encoding   

  12  0:01  Probe (Chrono Boost)  
  13  0:11  Probe (Chrono Boost)  
  14  0:18  Pylon  
  14  0:22  Probe (Chrono Boost)  
  15  0:36  Probe (Chrono Boost)  
  15  0:38  Gateway  
  16  0:47  Probe (Chrono Boost), Assimilator  
  17  0:52  Assimilator  
  17  0:58  Probe (Chrono Boost)  
  18  1:08  Probe (Chrono Boost)  
  19  1:19  Probe (Chrono Boost)  
  19  1:25  Pylon  
  20  1:28  Cybernetics Core  
  20  1:29  Probe (Chrono Boost)  
  22  1:40  Probe (Chrono Boost)  
  22  1:50  Probe (Chrono Boost)  
  23  2:01  Probe (Chrono Boost)  
  24  2:05  Stargate  
  24  2:07  Stalker (Chrono Boost)  
  26  2:11  Warp Gate (Chrono Boost)  
  26  2:16  Pylon  
  26  2:21  Mothership Core  
  28  2:33  Stalker (Chrono Boost)  
  30  2:53  Pylon  
  30  2:56  Void Ray (Chrono Boost)  
  34  3:10  Gateway  
  34  3:21  Gateway  
  34  3:31  Probe  
  35  3:34  Void Ray (Chrono Boost)  
  39  4:13  Void Ray (Chrono Boost)  
  43  4:19  Stalker x2  
  43  4:22  Pylon  
  45  4:35  Probe  
  46  4:44  Nexus  
  42  4:51  Pylon  
  42  5:10  Probe  
  42  5:13  Robotics Facility  
  43  5:14  Stalker  
  45  5:24  Stalker  
  45  5:25  Stalker  
  49  5:36  Probe  
  50  5:48  Probe  
  51  6:00  Probe, Warp Prism  
  51  6:03  Probe  
  54  6:04  Gateway  
  55  6:12  Probe  
  55  6:18  Sentry, Probe  
  58  6:23  Assimilator  
  58  6:24  Probe  
  60  6:29  Probe  
  61  6:36  Probe  
  61  6:39  Probe  
  62  6:42  Assimilator  
  63  6:48  Probe, Pylon  
  63  6:50  Probe  
  63  6:52  Pylon  
  65  6:56  Pylon  
  65  7:00  Probe, Adept  
  65  7:01  Probe, Adept  
  70  7:16  Probe  
  70  7:18  Probe, Adept x2, Pylon  
  76  7:28  Probe  
  76  7:29  Probe  
  77  7:36  Sentry  
  78  7:40  Probe  
  78  7:41  Probe  
  80  7:48  Twilight Council  
  80  7:52  Gateway  
  80  7:54  Gateway  
  80  7:56  Pylon  
  80  8:28  Adept x2  
  80  8:29  Adept  
  80  8:31  Pylon  
  86  8:43  Pylon  
  86  8:51  Adept  
  88  9:03  Pylon  
  88  9:05  Pylon  
  88  9:07  Pylon  
  88  9:09  Pylon  
  63  9:23  Adept  
Show
View Real Time Build Order
Export as new Build Order

Goosejuice Terran 

Build Orders:  

Get SALT Encoding   

  12  0:02  SCV  
  14  0:14  SCV  
  14  0:18  Supply Depot  
  14  0:26  SCV  
  15  0:40  SCV  
  16  0:44  Barracks  
  16  0:46  Refinery  
  16  0:52  SCV  
  17  1:04  SCV  
  18  1:16  SCV  
  19  1:31  Orbital Command  
  20  1:33  Barracks Reactor  
  19  1:44  Command Center  
  19  1:57  SCV  
  19  1:58  Supply Depot  
  20  2:10  Marine  
  20  2:11  Marine  
  20  2:12  SCV  
  20  2:13  Bunker  
  23  2:24  Factory  
  23  2:27  SCV  
  23  2:29  Marine x2  
  26  2:41  SCV  
  27  2:45  Supply Depot  
  27  2:48  Marine x2  
  28  2:53  SCV  
  28  2:56  Engineering Bay  
  29  3:03  Orbital Command  
  29  3:07  SCV  
  30  3:17  Marine  
  30  3:18  Factory Tech Lab, Marine  
  30  3:19  SCV  
  33  3:28  SCV  
  33  3:31  SCV, Bunker x2  
  34  3:35  Marine x2  
  36  3:41  Siege Tank  
  37  3:55  Missile Turret  
  37  3:57  Marine  
  38  4:07  SCV  
  39  4:14  Starport  
  39  4:20  SCV  
  39  4:21  SCV  
  41  4:25  Marine x2  
  43  4:35  SCV  
  43  4:43  Marine x2  
  43  4:45  Missile Turret  
  44  4:47  SCV  
  44  4:49  Refinery  
  45  5:00  Viking, Marine  
  45  5:01  Marine  
  49  5:12  Supply Depot  
  49  5:15  Supply Depot  
  46  5:32  Starport Reactor  
  46  5:34  SCV, Marine  
  48  5:44  SCV  
  48  5:46  SCV  
  48  5:56  SCV, Missile Turret  
  48  5:57  Cyclone, Marine  
  52  5:58  SCV  
  54  6:08  SCV  
  54  6:10  SCV  
  56  6:12  Refinery  
  56  6:13  Marine  
  56  6:15  Marine  
  56  6:18  Medivac  
  60  6:20  SCV  
  60  6:22  SCV  
  62  6:36  SCV  
  62  6:43  SCV  
  62  6:54  Supply Depot  
  62  6:55  Command Center, SCV, Medivac, Marine x2  
  62  6:56  Supply Depot, Refinery  
  62  6:57  SCV  
  69  7:08  SCV  
  69  7:12  SCV  
  73  7:15  Cyclone  
  73  7:17  Barracks  
  73  7:18  Barracks, Marine  
  72  7:35  SCV  
  70  7:37  Marine x2  
  71  7:55  Marine x2  
  73  8:00  SCV  
  73  8:02  Refinery  
  73  8:03  SCV  
  75  8:11  Barracks Tech Lab  
  75  8:12  Barracks Tech Lab, Marine  
  75  8:14  Orbital Command  
  72  8:20  Marine  
  73  8:31  Marine  
  65  8:39  Marine x2  
  57  8:43  Marine  
  49  9:03  Marine  
  49  9:06  Marine  
  49  9:09  Marine  
Tags
 
Add a new tag
Caveats
  • Supply blocks, unpowered buildings, or Contaminate may cause inaccurate times.
  • Supply counts are checked every 10 seconds.